 Dungeon Crawl Stone Soup version 0.22-a0-412-g2b68d14 (webtiles) character file.

4336 Borgoz the Cleaver (level 10, -18/63 HPs)
             Began as a Gargoyle Abyssal Knight on May 12, 2018.
             Was an Elder of Lugonu.
             Demolished by a two-headed ogre
             ... wielding a +0 giant spiked club
              (26 damage)
             ... on level 8 of the Dungeon.
             The game lasted 00:14:06 (8186 turns).

Borgoz the Cleaver (Gargoyle Abyssal Knight)        Turns: 8186, Time: 00:14:07

Health: -18/63     AC: 13    Str: 19    XL:     10   Next: 33%
Magic:  15/15      EV: 14    Int: 12    God:    Lugonu [****..]
Gold:   408        SH:  0    Dex: 16    Spells: 9/9 levels left

rFire    + + .     SeeInvis .   a - +2 war axe (chop)
rCold    x . .     Gourm    .   (no shield)
rNeg     + . .     Faith    .   A - +3 robe "Xiusam" {rF+ Dex+2}
rPois    ∞         Spirit   .   (no helmet)
rElec    +         Reflect  .   x - +0 cloak {MR+}
rCorr    .         Harm     .   (no gloves)
MR       +....                  (no boots)
Stlth    ++........             y - amulet of rage
HPRegen  0.20/turn              g - ring of fire
MPRegen  0.14/turn              (no ring)

@: drained
A: thin skeletal structure 1, blurry vision 1, deformed body, negative energy
resistance 1, electricity resistance, strong 1, unbreathing, petrification
resistance, rot immunity, AC +7
a: Depart the Abyss, Bend Space, Banish, Corrupt, Renounce Religion, Evoke
Berserk Rage


You were on level 8 of the Dungeon.
You worshipped Lugonu.
Lugonu was greatly pleased with you.
You were not hungry.

You visited 2 branches of the dungeon, and saw 9 of its levels.
You visited the Abyss 1 time.
You also visited: Ossuary.

You collected 408 gold pieces.

Inventory:

Hand Weapons
 a - a +2 war axe of chopping (weapon)
 b - a +2 whip of electrocution
Armour
 v - a +0 leather armour
 x - a +0 cloak of magic resistance (worn)
 A - the +3 robe "Xiusam" (worn) {rF+ Dex+2}
   (You found it on level 8 of the Dungeon)

   It affects your dexterity (+2).
   It protects you from fire.
Jewellery
 g - a ring of fire (left hand)
 w - an uncursed amulet of harm
 y - an amulet of rage (around neck)
Wands
 p - a wand of enslavement (7)
Scrolls
 h - 2 scrolls of remove curse
 i - 2 scrolls of fear
 j - a scroll of fog
 k - 3 scrolls of teleportation
 o - a scroll of enchant weapon
 q - 2 scrolls of identify
 u - 2 scrolls of immolation {unknown}
Potions
 d - 3 potions of berserk rage {unknown}
 f - 2 potions of cancellation
 l - 2 potions of might
 m - 2 potions of magic {unknown}
 n - 7 potions of curing
 r - a potion of brilliance {unknown}
 s - a potion of agility {unknown}
 t - a potion of haste
Comestibles
 c - 7 rations
 z - 8 chunks of flesh


   Skills:
 + Level 7.2(6.4) Fighting
 * Level 8.2(7.3) Axes
 + Level 6.9(6.0) Armour
 + Level 5.0(4.1) Dodging
 + Level 6.7(5.9) Invocations


You had 9 spell levels left.
You didn't know any spells.
Your spell library contained the following spells:

 Spells                   Type           Power        Failure   Level  Hunger
 Magic Dart               Conj           #...         32%         1    ##.....
 Iskenderun's Mystic Bla  Conj           #.......     97%         4    #####..
 Fulminant Prism          Conj/Hex       #.........   97%         4    #####..
 Dazzling Spray           Conj/Hex       #.....       69%         3    ####...
 Force Lance              Conj/Tloc      #.......     97%         4    #####..
 Searing Ray              Conj           #.....       45%         2    ###....


Dungeon Overview and Level Annotations

Branches:
Dungeon (8/15)             Temple (1/1) D:7
   Lair: D:8-11

Altars:
Ashenzari
Cheibriados
Dithmenos
Elyvilon
Fedhas
Gozag
Hepliaklqana
Kikubaaqudgha
Makhleb
Okawaru
Qazlal
Sif Muna
Trog
Uskayaw
Vehumet
Wu Jian
Xom
Yredelemnul
Zin
The Shining One

Shops:
D:5 (

Annotations:
D:8 Grum


Innate Abilities, Weirdness & Mutations

You are resistant to torment.
Your stone body is resilient. (AC +7)
You are immune to poison.
You resist negative energy. (rN+)
You are resistant to electric shocks. (rElec)
You can survive without breathing.
You are immune to petrification.
You are immune to rotting.
You have a somewhat thin skeletal structure. (Dex +2, Stealth)
Scrolls take you a little longer to read.
Armour fits poorly on your strangely shaped body.
Your muscles are strong. (Str +2)


Message History

The wolf is moderately wounded.
The wolf completely misses you. Grum barely misses you.
The wolf bites you but does no damage.
You slash the wolf!
The wolf is severely wounded.
Grum closely misses you. The wolf bites you. Grum hits you but does no damage.
The wolf closely misses you.
You slash the wolf!
You kill the wolf!
Lugonu accepts your kill.
Your base Dodging skill increases to level 5!
Grum hits you but does no damage. Grum hits you from afar with a spear.
There is an open door, spattered with blood here.
Press: ? - help, Shift-Dir - straight line, f - two-headed ogre
Aim: a two-headed ogre, wielding a giant spiked club and a giant club (chance to defeat MR: 71%)
You fail to use your ability.
Grum hits you from afar with a spear!
* * * LOW HITPOINT WARNING * * *
The two-headed ogre hits you with a giant spiked club!!
You die...

####### #.....### #.>.....# #
###########.......##########.##.
#...............@Ogh..(.).......
....###########...###.#....####
....# ##### #.#....# ....#
#.#....# ....# #.###'## #.###
#.. .. #.# ### .## #.######## .#
#>........ ..


You could see a two-headed ogre, Grum and a wolf.

Vanquished Creatures
  Pikel (D:7)
  Joseph (D:8)
  Grinder (D:5)
  The ghost of Borgoz the Skirmisher, an amateur GrAK of Lugonu (D:4)
  Eustachio (D:5)
  Edmund (D:6)
  Duvessa (D:7)
  2 ice beasts
  An eye of draining (D:7)
  A sky beast (D:7)
  3 ogres
  A necrophage (D:7)
  A wolf (D:8)
  A centaur (D:8)
  Blork the orc (D:5)
  7 bullfrogs
  3 elf zombies
  2 elf skeletons (D:6)
  A scorpion (D:7)
  Dowan (D:7)
  A howler monkey (D:6)
  2 centaur zombies (Ossuary)
  A bullfrog skeleton (D:4)
  2 human zombies
  2 orc priests
  2 hounds
  5 orc wizards
  A centaur skeleton (D:6)
  3 human skeletons (D:6)
  2 iguanas (D:5)
  6 worker ants
  2 big kobold zombies (Ossuary)
  A hound skeleton (D:8)
  2 mummies (Ossuary)
  4 adders
  7 gnolls
  A shadow imp (D:5)
  An ooze (D:4)
  An adder skeleton (D:6)
  2 worms
  15 orcs
  3 bats (D:2)
  4 giant cockroaches
  6 hobgoblins
  4 jackals (D:3)
  2 quokkas (D:6)
  6 frilled lizards
  10 goblins
  14 hobgoblin zombies (Ossuary)
  A jackal skeleton (D:7)
  4 kobolds
  6 kobold zombies (Ossuary)
  2 orc skeletons (D:6)
  9 orc zombies
  4 rats
  2 rat zombies (Ossuary)
  11 plants (D:4)
183 creatures vanquished.

Vanquished Creatures (others)
  11 starspawn tentacles (Abyss:2)
11 creatures vanquished.

Grand Total: 194 creatures vanquished

Notes
Turn   | Place    | Note
-------+----------+-------------------------------------------
     0 | Abyss:1  | Borgoz the Gargoyle Abyssal Knight began the quest for the Orb.
     0 | Abyss:1  | Reached XP level 1. HP: 14/14 MP: 2/2
    36 | Abyss:1  | Found a snail-covered altar of Cheibriados.
    74 | Abyss:2  | Noticed a tentacled starspawn
   105 | Abyss:2  | Noticed a small abomination
   105 | Abyss:2  | Noticed a tentacled starspawn
   115 | D:1      | Escaped the Abyss
   311 | D:1      | Reached skill level 2 in Axes
   376 | D:1      | Reached * piety under Lugonu
   376 | D:1      | Reached skill level 1 in Dodging
   376 | D:1      | Reached XP level 2. HP: 19/19 MP: 3/3
   996 | D:2      | Found a bloodstained altar of Trog.
  1102 | D:2      | Found a hide-covered altar of Uskayaw.
  1105 | D:2      | Found a shadowy altar of Dithmenos.
  1190 | D:2      | Found a shimmering altar of Xom.
  1420 | D:3      | Reached XP level 3. HP: 18/23 MP: 4/4
  1437 | D:3      | Reached XP level 4. HP: 25/29 MP: 5/5
  1899 | D:3      | Found a glowing golden altar of the Shining One.
  1918 | D:3      | Found a basalt altar of Yredelemnul.
  1920 | D:3      | Noticed a profane servitor
  2069 | D:3      | Noticed an angel
  2089 | D:4      | Noticed Borgoz's ghost (amateur GrAK)
  2489 | D:4      | Killed Borgoz's ghost
  2489 | D:4      | Reached skill level 3 in Axes
  2489 | D:4      | Reached XP level 5. HP: 29/33 MP: 5/7
  2489 | D:4      | Reached XP level 6. HP: 33/38 MP: 5/8
  2614 | D:4      | Noticed a fire elemental
  2615 | D:4      | Found a stormy altar of Qazlal.
  2617 | D:4      | Noticed an air elemental
  2617 | D:4      | Noticed a water elemental
  2707 | D:4      | Reached ** piety under Lugonu
  3039 | D:5      | Entered Level 5 of the Dungeon
  3055 | D:5      | Noticed Grinder
  3080 | D:5      | Killed Grinder
  3080 | D:5      | Reached skill level 4 in Axes
  3080 | D:5      | Reached XP level 7. HP: 18/44 MP: 9/9
  3850 | D:5      | Noticed Eustachio
  3865 | D:5      | Killed Eustachio
  3865 | D:5      | Reached skill level 5 in Fighting
  3865 | D:5      | Reached skill level 5 in Axes
  3865 | D:5      | Reached XP level 8. HP: 38/49 MP: 11/11
  4084 | D:5      | Found Liduof's Antique Weapon Shop.
  4375 | D:5      | Noticed Blork the orc
  4392 | D:5      | Found a deep blue altar of Sif Muna.
  4654 | D:5      | Gained mutation: Armour fits poorly on your strangely shaped body. [potion of mutation]
  4654 | D:5      | Gained mutation: Scrolls take you a little longer to read. [potion of mutation]
  4654 | D:5      | Gained mutation: Your muscles are strong. (Str +2) [potion of mutation]
  4654 | D:5      | Gained mutation: You have a somewhat thin skeletal structure. (Dex +2, Stealth) [potion of mutation]
  4667 | D:5      | Killed Blork the orc
  4705 | D:6      | Reached skill level 5 in Armour
  4834 | D:6      | Reached skill level 6 in Axes
  4859 | D:6      | Found a sand-covered staircase.
  4864 | Ossuary  | Entered an ossuary
  5016 | Ossuary  | Reached skill level 5 in Invocations
  5052 | Ossuary  | Reached *** piety under Lugonu
  5288 | Ossuary  | Reached XP level 9. HP: 46/55 MP: 12/12
  5411 | D:6      | Reached **** piety under Lugonu
  5807 | D:6      | Noticed Edmund
  5829 | D:6      | Killed Edmund
  6141 | D:6      | Reached skill level 7 in Axes
  6580 | D:7      | Noticed Duvessa
  6580 | D:7      | Noticed Dowan
  6585 | D:7      | Killed Dowan
  6599 | D:7      | Killed Duvessa
  6984 | D:7      | Found a staircase to the Ecumenical Temple.
  6984 | D:7      | Noticed Pikel
  6989 | D:7      | Killed Pikel
  6989 | D:7      | Reached XP level 10. HP: 60/61 MP: 14/14
  7008 | Temple   | Entered the Ecumenical Temple
  7915 | D:8      | Noticed a two-headed ogre
  7970 | D:8      | Reached skill level 8 in Axes
  8094 | D:8      | Got a bloodstained robe
  8105 | D:8      | Identified the +3 robe "Xiusam" {rF+ Dex+2} (You found it on level 8 of the Dungeon)
  8152 | D:8      | Noticed Joseph
  8160 | D:8      | Noticed Grum
  8167 | D:8      | Killed Joseph
  8182 | D:8      | Reached skill level 5 in Dodging
  8186 | D:8      | Demolished by a two-headed ogre

Vault maps used:
D:1:      minmay_arrival_nine_rooms
D:2:      xom_butterflies, old_standard_altar, lemuel_crystal_altar,
          nicolae_overflow_hidden_temple, serial_curves, eino_curves_03,
          eino_curves_01
D:3:      grunt_temple_overflow_holy_war
D:4:      nicolae_qazlal_style_of_elements, serial_bayou_lagoon_a
D:5:      tgw_sif, serial_shops, shop, first_ration, uniq_grinder,
          uniq_eustachio, uniq_blork_the_orc
D:6:      nicolae_ossuary_entry_catacombs, hangedman_decor_riveting, uniq_edmund
D:7:      minmay_temple_entry_grid, uniq_duvessa, uniq_pikel
D:8:      uniq_joseph, uniq_grum
Temple:   nicolae_temple_hex_pool
Ossuary:  ossuary_tomb_1

Skill      XL: |  1  2  3  4  5  6  7  8  9 10 |
---------------+-------------------------------+-----
Axes           | 2 3 4 5 6 7 8 |  8.2
Dodging        | 1 2 3 4 5 |  5.0
Armour         | 3 4 5 6 |  6.9
Fighting       | 4 5 6 7 |  7.2
Invocations    | 3 4 5 6 |  6.7

Action                   |  1- 3 |  4- 6 |  7- 9 | 10-12 || total
-------------------------+-------+-------+-------+-------++-------
Melee: Hand axe          |    68 |       |       |       ||    68
       War axe           |     7 |   232 |   390 |    64 ||   693
Invok: Depart the Abyss  |     1 |       |       |       ||     1
Evoke: Wand              |       |       |    14 |     4 ||    18
  Use: Scroll            |       |     8 |     4 |       ||    12
       Potion            |       |     2 |     6 |     1 ||     9
 Stab: Sleeping          |       |       |     4 |     1 ||     5
  Eat: Chunk             |     2 |     5 |    10 |     4 ||    21
       Ration            |       |       |     1 |       ||     1
Armor: Leather armour    |    26 |    43 |   125 |    26 ||   220
       Robe              |       |       |       |    15 ||    15
Dodge: Dodged            |    53 |    57 |   212 |    75 ||   397

Table legend:
 A = Spawn XP
 B = Non-spawn XP
 C = Spawn XP percentage of total XP
 D = Spawn monster count
 E = Non-spawn monster count
 F = Spawn count percentage of total count
 G = Total turns spent on level
                    A         B        C        D         E        F      G
               +---------+---------+-------+---------+---------+-------+---------
         Total |       0 |    6195 |   0.0 |       0 |     172 |   0.0 |  8186
               +---------+---------+-------+---------+---------+-------+---------
           D:1 |       0 |      17 |   0.0 |       0 |      12 |   0.0 |   830
           D:2 |       0 |      16 |   0.0 |       0 |      10 |   0.0 |   488
           D:3 |       0 |     104 |   0.0 |       0 |      22 |   0.0 |   921
           D:4 |       0 |     394 |   0.0 |       0 |       9 |   0.0 |   685
           D:5 |       0 |    1177 |   0.0 |       0 |      17 |   0.0 |  1634
           D:6 |       0 |    1575 |   0.0 |       0 |      40 |   0.0 |  1397
           D:7 |       0 |    1687 |   0.0 |       0 |      18 |   0.0 |  1280
           D:8 |       0 |     789 |   0.0 |       0 |       6 |   0.0 |   230
       Ossuary |       0 |     436 |   0.0 |       0 |      38 |   0.0 |   510
               +---------+---------+-------+---------+---------+-------+---------
